 Dungeon Crawl Stone Soup version 0.20-a0-313-g10ed074 (webtiles) character file.

261 Promi the Firebug (level 5, -6/42 HPs)
             Began as a Draconian Fire Elementalist on Dec 20, 2016.
             Killed from afar by bpy6's ghost (11 damage)
             ... with a flame tongue
             ... on level 4 of the Dungeon.
             The game lasted 00:15:08 (3923 turns).

Promi the Firebug (Draconian Fire Elementalist)     Turns: 3923, Time: 00:15:08

Health: -6/42      AC:  6    Str: 10      XL:     5   Next: 96%
Magic:  9/9        EV: 12    Int: 17      God:
Gold:   171        SH:  0    Dex:  7 (11) Spells: 3/9 levels left

rFire  . . .     SeeInvis .     t - +0 falchion
rCold  . . .     Gourm    .     (armour unavailable)
rNeg   . . .     Faith    .     (no shield)
rPois  .         Spirit   .     (helmet restricted)
rElec  .         Reflect  .     v - +0 cloak (curse)
rCorr  .         Harm     .     (no gloves)
MR     .....                    (no boots)
Stlth  ++........               (no amulet)
                                (no ring)
                                (no ring)

@: slowed, very slow
A: unfitting armour, cold-blooded, AC +5
a: no special abilities


You were on level 4 of the Dungeon.
You were not hungry.

You visited 1 branch of the dungeon, and saw 4 of its levels.

You collected 171 gold pieces.

Inventory:

Hand Weapons
 d - a +0 club
 h - a +0 short sword of speed
 t - a +0 falchion (weapon)
Armour
 v - a cursed +0 cloak (worn)
Jewellery
 e - a +4 ring of slaying {unknown}
Wands
 q - a wand of digging (10/24)
Scrolls
 c - a scroll of remove curse {unknown}
 g - 2 scrolls of immolation {unknown}
 i - 4 scrolls of identify {unknown}
 o - a scroll of magic mapping {unknown}
Potions
 f - a potion of berserk rage {unknown}
 l - 3 potions of curing {unknown}
 m - 2 potions of degeneration {unknown}
 s - a potion of magic {unknown}
 w - a potion of cancellation {unknown}
Books
 a - a book of Flames

   Spells                             Type                      Level
   a - Flame Tongue                   Conjuration/Fire             1
   b - Throw Flame                    Conjuration/Fire             2
   c - Conjure Flame                  Conjuration/Fire             3
   d - Inner Flame                    Hexes/Fire                   3
   e - Sticky Flame                   Conjuration/Fire             4
   f - Fireball                       Conjuration/Fire             5
Comestibles
 b - 4 bread rations
 j - 4 fruits
 k - a beef jerky
 p - a slice of pizza
 r - a meat ration
 u - a royal jelly


   Skills:
 + Level 2.4 Fighting
 + Level 2.5 Dodging
 + Level 2.9 Stealth
 + Level 2.9 Spellcasting
 + Level 2.3 Conjurations
 + Level 4.1 Fire Magic


You had 3 spell levels left.
You knew the following spells:

 Your Spells              Type           Power        Failure   Level  Hunger
a - Flame Tongue          Conj/Fire      ##...        6%          1    #......
b - Throw Flame           Conj/Fire      ##....       10%         2    ##.....
c - Conjure Flame         Conj/Fire      ##......     17%         3    ###....


Dungeon Overview and Level Annotations

Branches:
Dungeon (4/15)
 Temple: D:4-7

Altars:
Zin

Annotations:
D:4 bpy6's ghost, amateur TrFE


Innate Abilities, Weirdness & Mutations

Your plain brown scales are hard. (AC +5)
You cannot fit into any form of body armour.
You are cold-blooded and may be slowed by cold attacks.


Message History

The flame tongue hits you! Bpy6's ghost hits you.
You feel as though you will be slow longer.
Bpy6's ghost freezes you.
Bpy6's ghost gestures at you while chanting.
The flame tongue misses you. Bpy6's ghost hits you.
You feel as though you will be slow longer.
Bpy6's ghost freezes you. Bpy6's ghost hits you!
* * * LOW HITPOINT WARNING * * *
You feel as though you will be slow longer.
Bpy6's ghost freezes you.
* * * LOW HITPOINT WARNING * * *
Bpy6's ghost hits you.
* * * LOW HITPOINT WARNING * * *
Bpy6's ghost freezes you.
* * * LOW HITPOINT WARNING * * *
Bpy6's ghost casts a spell at you. The flame tongue hits you!
You die...

#.##............
#.##..#########. #.##..#
#s##..# #.##..#
#.#####.##..##### ##
#...............##
##.########W#.........
#........@..#...#####.
.......##########.........
.##.... #..######. #####
#..# #... #.##. ... .# #.#
# #Z#


You could see bpy6's ghost.

Vanquished Creatures
  A quasit (D:3)
  An orc priest (D:3)
  An orc wizard (D:3)
  Robin (D:3)
  5 adders
  An ooze (D:2)
  An adder skeleton (D:4)
  5 worms
  2 dart slugs
  5 orcs
  3 ball pythons
  12 bats
  5 giant cockroaches
  16 goblins
  9 hobgoblins
  2 quokkas (D:3)
  4 frilled lizards
  A giant cockroach zombie (D:3)
  6 kobolds
  4 rats
85 creatures vanquished.

Notes
Turn   | Place    | Note
-------+----------+-------------------------------------------
     0 | D:1      | Promi the Draconian Fire Elementalist began the quest for the Orb.
     0 | D:1      | Reached XP level 1. HP: 14/14 MP: 3/3
     4 | D:1      | Noticed a troll
     4 | D:1      | Noticed a felid
     6 | D:1      | Noticed a halfling
     6 | D:1      | Noticed a minotaur
     8 | D:1      | Noticed a centaur
     8 | D:1      | Noticed a draconian
    10 | D:1      | Noticed a ghoul
    12 | D:1      | Noticed an elf
    12 | D:1      | Noticed a spriggan
    14 | D:1      | Noticed an octopode
    14 | D:1      | Noticed a naga
    16 | D:1      | Noticed a merfolk
    18 | D:1      | Noticed a vampire
    18 | D:1      | Noticed a human
    20 | D:1      | Noticed a vine stalker
    20 | D:1      | Noticed a demigod
    22 | D:1      | Noticed a demonspawn
    22 | D:1      | Noticed an ogre
    25 | D:1      | Noticed a formicid
    25 | D:1      | Noticed a gargoyle
    27 | D:1      | Noticed a tengu
    27 | D:1      | Noticed a dwarf
   251 | D:1      | Reached XP level 2. HP: 20/22 MP: 5/5
   878 | D:2      | Learned a level 2 spell: Throw Flame
  1066 | D:2      | Reached XP level 3. HP: 27/27 MP: 6/6
  1077 | D:2      | Found a glowing silver altar of Zin.
  1099 | D:2      | Reached skill level 1 in Fighting
  1369 | D:2      | Reached XP level 4. HP: 19/35 MP: 0/7
  1953 | D:3      | Noticed Robin
  2141 | D:3      | Reached XP level 5. HP: 41/41 MP: 9/9
  2183 | D:3      | Killed Robin
  2346 | D:3      | Learned a level 3 spell: Conjure Flame
  2588 | D:3      | Reached skill level 4 in Fire Magic
  3102 | D:4      | Noticed a phantom
  3135 | D:4      | Noticed a phantom
  3410 | D:4      | Noticed bpy6's ghost (amateur TrFE)
  3923 | D:4      | Killed from afar by bpy6's ghost

Vault maps used:
D:1:      kb_arrival_jail
D:2:      old_standard_altar
D:3:      uniq_robin
D:4:      first_bread

Skill      XL: |  1  2  3  4  5 |
---------------+----------------+-----
Stealth        | 2 |  2.9
Dodging        | 2 |  2.5
Fighting       | 1 2 |  2.4
Conjurations   | 2 |  2.3
Fire Magic     | 4 |  4.1
Spellcasting   | |  2.9

Action                   |  1- 3 |  4- 6 || total
-------------------------+-------+-------++-------
Melee: Short sword       |   112 |   133 ||   245
       Unarmed           |     5 |       ||     5
       Tailslap          |    13 |    14 ||    27
       Falchion          |       |    63 ||    63
 Cast: Flame Tongue      |    22 |    43 ||    65
 Stab: Sleeping          |     4 |     3 ||     7
       Distracted        |       |     1 ||     1
  Eat: Chunk             |     2 |     8 ||    10
Armor: Skin              |    52 |   120 ||   172
Dodge: Dodged            |    79 |   166 ||   245
       Rpst.: Falchion   |       |    14 ||    14
